cohdb
Replays
Latest Replays
All Replays
Popular Replays
Top Player Replays
Match Explorer
How It Works
Community
CoH3 Stats
Reddit
Sign in to upload your games and track your stats! →
Sign in with Steam
Match 24172315
Unlisted
Match 24172315
Overview
Messages
Build Orders
End
Kradschützen Motorcycle Team
Panzergrenadier Squad
250 Light Carrier
Construct Light Support Kompanie
Assault Grenadier Squad
Fire Support Elements
le.IG 18 Support Gun Team
Pak 38 Mechanized Group
Vehicle Survival Package
Pak 38 Anti-tank Gun Team
MG34 Team
MG34 Team
2.5-tonne Medical Truck
Construct Panzerarmee Kommand
Panzer III L Medium Tank
Selects Armored Support Battlegroup
Selects Salvage Kits
Selects Panzer Storm
Selects Stuka Dive Bomb
le.IG 18 Mechanized Group
Armored Reserves
Tungsten Core Ammunition
Walking Stuka Rocket Launcher
Emergency Repair Kits
Stuka Dive Bomb
iceman
insane
Massa
[OcBo]CaptainOccBorth
0
0
Comments
sign in to comment!
No comments posted yet!